 Dungeon Crawl Stone Soup version 0.17-a0-2215-g49c1de0 (console) character file.

134 Kellhus the Slasher (level 4, -8/35 HPs)
             Began as a Mummy Chaos Knight on Oct 27, 2015.
             Mangled by an ogre
             ... wielding a +0 giant club
              (12 damage)
             ... on level 3 of the Dungeon.
             The game lasted 00:02:53 (1729 turns).

Kellhus the Slasher (Mummy Chaos Knight)            Turns: 1729, Time: 00:02:53

Health: -8/35      AC:  5    Str: 20    XL:     4   Next: 95%
Magic:  4/4        EV: 11    Int: 11    God:    Xom [......]
Gold:   91         SH:  0    Dex: 11    Spells: 0 memorised, 3 levels left

rFire  x . .     SeeInvis .     a - +1 dagger (elec)
rCold  + . .     Clarity  .     b - +2 leather armour
rNeg   + + +     SustAt   .     (no shield)
rPois  ∞         Gourm    .     (no helmet)
rElec  .         Spirit   .     (no cloak)
rCorr  .         Warding  .     (no gloves)
rMut   .         Stasis   .     (no boots)
MR     .....                    (no amulet)
Stlth  +.........               (no ring)
                                d - +4 ring of strength

@: confused, not resistant to hostile enchantments, very unstealthy
A: no food or potions, fire vulnerability, cold resistance 1, negative energy
resistance 3, torment resistance, unbreathing
a: Renounce Religion


You were on level 3 of the Dungeon.
You worshipped Xom.
You were a very special plaything of Xom.
You were not hungry.

You visited 1 branch of the dungeon, and saw 3 of its levels.

You collected 91 gold pieces.

Inventory:

Hand Weapons
 a - a +1 dagger of electrocution (weapon)
 j - a +0 falchion of chaos
Armour
 b - a +2 leather armour (worn)
Jewellery
 d - a +4 ring of strength (left hand)
Scrolls
 c - a scroll of amnesia {unknown}
 e - a scroll of teleportation {unknown}
 f - a scroll of immolation {unknown}
 g - 2 scrolls of remove curse {unknown}
 h - a scroll of noise {unknown}
 i - a scroll of fear {unknown}
 k - a scroll of recharging {unknown}
 l - 2 scrolls of identify {unknown}
 m - a scroll of enchant armour {unknown}
 n - a scroll of fog {unknown}


   Skills:
 - Level 3.0 Fighting
 + Level 4.7 Long Blades
 - Level 1.5 Armour
 - Level 0.7 Dodging


You had 3 spell levels left.
You didn't know any spells.

Dungeon Overview and Level Annotations

Branches:
Dungeon (3/15)

Altars:
Vehumet


Innate Abilities, Weirdness & Mutations

You do not eat or drink.
Your flesh is vulnerable to fire.
You are immune to poison.
Your flesh is cold resistant.
You are immune to negative energy.
You are immune to unholy pain and torment.
You can survive without breathing.


Message History

Unknown command.
You bump into the rock wall.
The orc wizard hits you but does no damage.
You hit the orc wizard but do no damage.
The orc wizard is heavily wounded.
You feel less confused. The ogre hits you with a giant club!
* * * LOW HITPOINT WARNING * * *
The orc wizard hits you but does no damage.
Unknown command.
The orc wizard points at you and mumbles some strange words.
You are confused.
You hit the ogre.
The ogre is lightly wounded.
The ogre closely misses you.
You're too confused to move!
The orc wizard hits you but does no damage.
You bump into the rock wall.
The ogre hits you with a giant club!
You die...
Xom bursts into laughter!

#. O# #)######.#
#........# #........#
+........### #....o.....#
####....o..##.#
#.....#######.#
##....).)..@##.#
#........).oO##.#
...(.........##'######
###.###..............#
...#............###.# ###
###..........'.#
.............#÷#
....#.....)..#)#########
.###..........#(.......<#


You could see an ogre and an orc wizard.

Vanquished Creatures
  An orc wizard (D:3)
  A gnoll (D:1)
  3 adders (D:2)
  3 worms
  2 giant geckos
  2 orcs (D:3)
  A ball python (D:2)
  4 bats
  A giant cockroach (D:1)
  16 hobgoblins
  2 jackals (D:2)
  8 kobolds
  4 giant newts
  2 goblins
  4 rats
54 creatures vanquished.

Vanquished Creatures (others)
  2 adders (D:2)
  A goblin (D:2)
3 creatures vanquished.

Grand Total: 57 creatures vanquished

Notes
Turn   | Place    | Note
--------------------------------------------------------------
     0 | D:1      | Kellhus the Mummy Chaos Knight began the quest for the Orb.
     0 | D:1      | Reached XP level 1. HP: 18/18 MP: 1/1
   106 | D:1      | XOM: silly message
   109 | D:1      | Reached XP level 2. HP: 16/24 MP: 2/2
   591 | D:1      | Reached XP level 3. HP: 26/29 MP: 3/3
   682 | D:1      | XOM: harmless Erth miscast
   732 | D:1      | XOM: mild Chrm miscast
   861 | D:2      | Found a radiant altar of Vehumet.
   861 | D:2      | XOM: 5-stop teleportation journey
   868 | D:2      | XOM: medium Air miscast
  1040 | D:2      | Reached skill level 4 in Long Blades
  1150 | D:2      | Reached XP level 4. HP: 35/35 MP: 4/4
  1544 | D:3      | Noticed an ogre
  1552 | D:3      | XOM: medium Tloc miscast
  1553 | D:3      | Noticed a spatial vortex
  1553 | D:3      | Noticed a spatial vortex
  1555 | D:3      | XOM: confusion (+ monsters)
  1664 | D:3      | XOM: silly message
  1715 | D:3      | XOM: confusion
  1720 | D:3      | XOM: swap monsters
  1721 | D:3      | XOM: swap monsters
  1729 | D:3      | Mangled by an ogre

Vault maps used:
D:1:      kilobyte_arrival_exit_the_forest
D:2:      vehumet_crystals, grunt_ministairs_2
D:3:      first_bread, minmay_misc_feat_nine_boxes, minivault_19

Action                   |  1- 3 |  4- 6 || total
-------------------------+-------+-------++-------
Melee: Falchion          |    69 |       ||    69
       Dagger            |    29 |    65 ||    94
 Stab: Paralysed         |     1 |       ||     1
       Sleeping          |       |     1 ||     1
